 Dungeon Crawl Stone Soup version 0.25.1-9-gc5326a611f (webtiles) character file.

Game seed: 17145278312875262469

176 raceaflais the Chopper (level 5, -7/47 HPs)
             Began as a Minotaur Berserker on Dec 29, 2020.
             Was a Believer of Trog.
             Mangled by an ogre
             ... wielding a cursed -2 giant club
              (8 damage)
             ... on level 3 of the Dungeon.
             The game lasted 00:09:21 (2020 turns).

raceaflais the Chopper (Minotaur Berserker)         Turns: 2020, Time: 00:09:22

Health: -7/47      AC: 11    Str: 21    XL:     5   Next: 30%
Magic:  4/4        EV:  8    Int:  5    God:    Trog [**....]
Gold:   65         SH:  0    Dex: 10    Spells: 4/4 levels left

rFire    . . .     SeeInvis .   j - +2 dagger (vamp)
rCold    . . .     Gourm    .   (no shield)
rNeg     . . .     Faith    .   e - +1 chain mail
rPois    .         Spirit   .   n - +0 hat
rElec    .         Reflect  .   (no cloak)
rCorr    .         Harm     .   i - +0 pair of gloves
MR       .....                  (no boots)
Stlth    ..........             (no amulet)
HPRegen  0.15/turn              (no ring)
MPRegen  0.09/turn              (no ring)

@: lethally poisoned (-7 -> -10)
A: retaliatory headbutt, horns 2
a: Berserk, Trog's Hand, Renounce Religion


You were on level 3 of the Dungeon.
You worshipped Trog.
Trog was pleased with you.
You were not hungry.

You visited 1 branch of the dungeon, and saw 3 of its levels.

You collected 65 gold pieces.

Inventory:

Hand Weapons
 a - a +0 hand axe
 d - a +0 flail
 j - a +2 vampiric dagger (weapon)
 m - a +2 dagger of draining
Missiles
 k - 18 arrows
Armour
 b - a +0 animal skin
 e - a +1 chain mail (worn)
 i - a +0 pair of gloves (worn)
 l - a +0 helmet
 n - a +0 hat (worn)
Scrolls
 f - a scroll of remove curse
 g - 2 scrolls of identify
Comestibles
 c - 5 rations
 h - 9 chunks of flesh


   Skills:
 + Level 4.6 Fighting
 + Level 1.3 Short Blades
 + Level 5.2 Axes
 + Level 3.7 Armour
 + Level 2.9 Dodging
 + Level 0.2 Stealth


You had 4 spell levels left.
You didn't know any spells.
Your spell library was empty.

Dungeon Overview and Level Annotations

Branches:
Dungeon (3/15)

Altars:
Xom


Innate Abilities, Weirdness & Mutations

You reflexively headbutt those who attack you in melee.
You have a pair of horns on your head.


Message History

The giant cockroach bites you.
The ogre hits you with a cursed -2 giant club!
You hit the ogre.
You feel better.
Your headbutt misses the ogre.
The ogre is lightly wounded.
The quokka bites you.
The giant cockroach bites you but does no damage.
The ogre hits you with a cursed -2 giant club!!
Ouch! That really hurt!
* * * LOW HITPOINT WARNING * * *
An adder comes into view.
The adder hisses angrily.
You closely miss the quokka. You headbutt the quokka.
You kill the quokka!
Trog accepts your kill.
* * * LOW HITPOINT WARNING * * *
You feel sick. The giant cockroach barely misses you.
Your chain mail prevents you from hitting the kobold.
The giant cockroach bites you but does no damage.
The ogre hits you with a cursed -2 giant club!
You die...

#.....#
#..... .#
#.(... #.#
###.... #.#
##.....####
#.#
##.........##
#.#
#....sOK....#
#.#
#.....@...S.#
#.##
#.#.#.(.###.#
...# #.#...#
#..# #.#...#
...#
#.##.####
##.# #
#.##....# #.#
# #.#.#####.#
#.# .#
#.#.#####.#
##.#.#.#
#.#.......#.


You could see an ogre, an adder, a giant cockroach and a kobold.

Vanquished Creatures
  A hound (D:2)
  An orc wizard (D:3)
  4 gnolls (D:2)
  3 adders
  2 worms (D:3)
  2 leopard geckos
  3 orcs (D:3)
  2 bats
  2 giant cockroaches
  2 goblins
  7 hobgoblins
  3 jackals (D:3)
  2 quokkas
  A ball python (D:1)
  5 frilled lizards
  3 kobolds
  5 rats
48 creatures vanquished.

Notes
Turn   | Place    | Note
-------+----------+-------------------------------------------
     0 | D:1      | raceaflais the Minotaur Berserker began the quest for the
                  | Orb.
     0 | D:1      | Reached XP level 1. HP: 19/19 MP: 0/0
   164 | D:1      | Reached skill level 4 in Axes
   192 | D:1      | Reached XP level 2. HP: 27/27 MP: 1/1
   450 | D:1      | Found a hide-covered altar of Uskayaw.
   509 | D:1      | Found a shimmering altar of Xom.
   509 | D:1      | Found a sparkling altar of Nemelex Xobeh.
   511 | D:1      | Found an opulent altar of Gozag.
   511 | D:1      | Found a stormy altar of Qazlal.
   511 | D:1      | Found a shimmering blue altar of Sif Muna.
   856 | D:2      | Reached XP level 3. HP: 33/33 MP: 2/2
  1164 | D:2      | Reached skill level 5 in Axes
  1164 | D:2      | Reached XP level 4. HP: 36/41 MP: 3/3
  1345 | D:2      | Reached ** piety under Trog
  1831 | D:3      | Reached XP level 5. HP: 47/47 MP: 4/4
  1886 | D:3      | Reached skill level 1 in Short Blades
  2011 | D:3      | Noticed an ogre
  2018 | D:3      | HP: 2/47 [ogre/cursed -2 giant club (24)]
  2020 | D:3      | Mangled by an ogre

Illustrated notes

Levels and vault maps discovered:
D:1:      sevenhm_arrival_forest_fort_small_6, layout_basic,
          grunt_decor_arrowhead, doesnt_xom_only_xom
D:2:      layout_basic, chequers_serial_rivers_room_b
D:3:      layout_loops_ring, overflow_temple_1_default, first_ration

Skill      XL: |  1  2  3  4  5 |
---------------+----------------+-----
Axes           | 4 5 |  5.2
Fighting       | 4 |  4.6
Armour         | 3 |  3.7
Short Blades   | 1 |  1.3
Dodging        | |  2.9
Stealth        | |  0.2

Action                   |  1- 3 |  4- 6 || total
-------------------------+-------+-------++-------
Melee: Hand axe          |    45 |       ||    45
       Headbutt          |     6 |    12 ||    18
       Dagger            |    17 |    84 ||   101
  Use: Scroll            |     4 |     3 ||     7
       Potion            |     5 |       ||     5
 Stab: Sleeping          |     1 |       ||     1
  Eat: Chunk             |     1 |     3 ||     4
Armor: Chain mail        |    30 |    49 ||    79
Dodge: Dodged            |    31 |    34 ||    65
